Map: Acid Plant LE

Players

Creator - Winner!

  • Race: Protoss Protoss
  • League: Master
  • Spawn Location: 5:00

Zanster

  • Race: Zerg Zerg
  • Spawn Location: 11:00

Event: HomeStory Cup XVIII

VOD

Have the link to the VOD?

Description

Time

  • Played on: Nov. 22, 2018, 10:45 a.m.
  • Length: 8:02

All games in this series

Show
View Real Time Build Order
Export as new Build Order

Creator Protoss - Winner!

Build Orders: 1 Gate Expand, Zealot Archon, Archon Drop, Dark Templar Rush 

Get SALT Encoding   

  12  0:00  Probe  
  13  0:12  Probe  
  14  0:20  Pylon  
  14  0:24  Probe  
  15  0:34  Probe  
  15  0:42  Gateway, Probe  
  16  0:47  Assimilator  
  17  0:52  Probe  
  18  1:04  Probe  
  19  1:16  Probe  
  20  1:24  Nexus  
  20  1:34  Cybernetics Core  
  20  1:37  Probe  
  21  1:43  Assimilator  
  21  1:49  Probe  
  22  1:54  Pylon  
  22  2:01  Probe  
  22  2:03  Adept  
  23  2:13  Probe  
  26  2:18  Twilight Council  
  26  2:25  Probe  
  26  2:29  Stalker  
  27  2:33  Probe  
  27  2:34  Probe, Warp Gate  
  29  2:42  Probe x2  
  33  2:51  Probe  
  33  2:52  Probe  
  35  3:02  Robotics Facility  
  35  3:05  Probe x2  
  37  3:19  Probe  
  39  3:20  Probe  
  39  3:21  Dark Shrine  
  39  3:26  Gateway  
  39  3:32  Probe x2  
  41  3:37  Gateway  
  41  3:38  Gateway  
  41  3:41  Warp Prism  
  41  3:44  Probe x2  
  41  3:45  Gateway  
  41  3:48  Pylon  
  45  3:58  Assimilator  
  45  4:00  Probe  
  45  4:01  Assimilator  
  46  4:06  Probe  
  46  4:08  Warp Prism  
  46  4:09  Pylon  
  47  4:13  Probe  
  48  4:18  Probe  
  51  4:25  Pylon, Probe  
  51  4:30  Probe  
  53  4:47  Dark Templar x4  
  53  4:52  Pylon  
  61  5:08  Nexus  
  61  5:16  Archon  
  61  5:18  Archon  
  61  5:19  Dark Templar  
  61  5:20  Dark Templar x2  
  68  5:21  Probe x2  
  68  5:26  Observer  
  68  5:27  Pylon  
  70  5:31  Dark Templar  
  70  5:41  Charge  
  69  5:43  Gateway  
  69  5:44  Gateway  
  69  5:47  Pylon  
  69  5:48  Probe x2  
  71  5:50  Immortal  
  71  6:03  Dark Templar  
  77  6:06  Gateway, Probe x2  
  77  6:08  Archon x2  
  79  6:11  Gateway  
  79  6:12  Zealot, Sentry  
  79  6:13  Zealot  
  85  6:24  Nexus  
  85  6:26  Pylon  
  84  6:33  Immortal  
  84  6:38  Probe x2  
  90  6:51  Sentry  
  90  6:52  Zealot  
  94  6:56  Pylon  
  94  6:58  Pylon  
  94  7:06  Immortal  
  94  7:10  Shield Battery  
  94  7:11  Shield Battery  
  94  7:12  Pylon  
  94  7:14  Probe x2  
  100  7:16  Dark Templar  
  100  7:17  Dark Templar, Zealot  
  106  7:26  Zealot x2  
  110  7:31  Shield Battery  
  110  7:35  Archon  
  110  7:36  Dark Templar  
  112  7:40  Zealot x3  
  112  7:43  Archon  
  118  7:48  Zealot x2  
  116  7:52  Shield Battery  
  112  7:59  Zealot  
  112  8:00  Zealot  
Show
View Real Time Build Order
Export as new Build Order

Zanster Zerg 

Build Orders: Hatch First 

Get SALT Encoding   

  12  0:01  Drone  
  13  0:12  Overlord  
  13  0:17  Drone  
  14  0:31  Drone x2  
  16  0:49  Hatchery  
  15  0:52  Drone  
  15  0:55  Drone  
  17  0:58  Drone  
  18  1:09  Extractor  
  17  1:15  Spawning Pool  
  17  1:18  Drone  
  17  1:20  Drone  
  18  1:28  Drone  
  19  1:39  Drone  
  20  1:54  Overlord  
  20  2:02  Queen  
  20  2:03  Queen  
  20  2:04  Zergling x4  
  26  2:10  Drone  
  26  2:13  Metabolic Boost  
  27  2:17  Drone  
  27  2:22  Drone  
  29  2:23  Drone  
  30  2:35  Drone x2  
  32  2:44  Hatchery  
  32  2:47  Drone  
  32  2:52  Queen  
  32  2:56  Overlord  
  34  2:59  Drone  
  34  3:00  Drone  
  36  3:05  Overlord  
  36  3:15  Zergling x4  
  36  3:17  Drone x4  
  42  3:20  Overlord  
  42  3:23  Drone  
  42  3:24  Drone  
  44  3:31  Drone  
  44  3:33  Overlord  
  45  3:36  Queen  
  45  3:40  Drone  
  48  3:46  Drone x3  
  48  3:47  Drone x3  
  54  3:52  Spore Crawler  
  54  3:53  Spore Crawler  
  52  3:56  Drone x2  
  52  3:58  Drone  
  55  4:07  Drone x2  
  57  4:12  Queen  
  57  4:16  Drone x2  
  61  4:21  Drone, Spore Crawler  
  61  4:24  Drone x7  
  65  4:28  Overlord  
  68  4:31  Overlord  
  68  4:37  Roach Warren  
  67  4:42  Zergling x2  
  67  4:43  Zergling x4  
  67  4:44  Overlord  
  69  4:51  Lair  
  69  4:53  Extractor x3, Zergling x12  
  67  5:06  Drone x3  
  67  5:10  Overlord  
  67  5:19  Roach  
  71  5:27  Roach  
  71  5:28  Roach  
  75  5:30  Overlord  
  75  5:33  Zergling x2  
  75  5:34  Zergling x14  
  83  5:39  Roach  
  82  5:47  Overlord  
  82  5:49  Overseer  
  67  5:57  Roach x3  
  67  5:58  Roach  
  71  6:05  Glial Reconstitution  
  71  6:07  Overlord  
  71  6:11  Roach x3  
  77  6:19  Hatchery  
  77  6:23  Queen  
  77  6:24  Overlord  
  80  6:27  Overseer  
  80  6:34  Nydus Network  
  80  6:35  Roach x3  
  79  6:47  Roach  
  79  6:48  Roach x2  
  79  6:50  Roach  
  79  6:51  Roach  
  87  6:57  Overlord  
  87  7:05  Overlord  
  87  7:08  Roach x2  
  88  7:11  Nydus Canal  
  88  7:20  Nydus Canal  
  88  7:22  Roach  
  94  7:23  Roach x2  
  94  7:27  Roach  
  95  7:38  Nydus Canal  
Tags
 
Add a new tag
Caveats
  • Supply blocks, unpowered buildings, or Contaminate may cause inaccurate times.
  • Supply counts are checked every 10 seconds.